AoeStats
← prsdntsdghtr

African Clearing

510725356Analyzed
4v4 RM · 19h ago on Oct 2, 2026· 56m 1s· 8 players
Game mode
Random Map
Map size
Large (8 player)
Population
200
Speed
Normal
Resources
Standard
Victory
Conquest
Starting age
Dark Age
Ending age
Imperial Age
RankedLock teamsTeams togetherTeam positionsShared explorationLock speedFull tech treeHidden civsTurbo modeCheats
Victory
Defeat
🇮🇳 Berbers · India
1273
+13
🇨🇳 Chinese · China
1258
+14
🇹🇼 Poles · Taiwan
1256
+14
🇦🇺 Vietnamese · Australia
1145
+18
1242
-16
🇸🇪 Mongols · Sweden
1205
-15
🇳🇱 Burgundians · Netherlands
1185
-14
🇨🇳 Franks · China
1183
-14
ikaros
5:09 Loom
13:16 Feudal Age
19:53 Castle Age
17:53 Double-Bit Axe
25:13 Fletching
26:55 Bodkin Arrow
31:23 Padded Archer Armor
31:39 Bloodlines
37:53 Imperial Age
35:37 Husbandry
35:55 Gold Mining
37:25 Leather Archer Armor
39:15 Bracer
41:37 Heavy Scorpion
44:32 Conscription
44:22 Elite Mangudai
47:08 Drill
52:00 Ballistics
52:42 Chemistry
53:07 Wheelbarrow
52:18 Town Watch
见面问声好
14:58 Feudal Age
14:11 Loom
16:09 Town Watch
31:56 Castle Age
33:25 Double-Bit Axe
35:10 Wheelbarrow
37:32 Bow Saw
40:06 Hand Cart
41:32 Stone Mining
41:38 Gold Mining
46:36 Imperial Age
45:06 Forging
45:01 Scale Barding Armor
44:50 Fletching
45:27 Husbandry
47:30 Chivalry
47:50 Conscription
46:53 Cavalier
48:41 Ballistics
49:22 Chemistry
48:03 Paladin
51:19 Iron Casting
20 лет в аркаде
4:11 Loom
13:09 Feudal Age
13:37 Double-Bit Axe
13:14 Man-at-Arms
13:53 Gold Mining
23:26 Castle Age
24:55 Fletching
26:45 Bow Saw
27:37 Gold Shaft Mining
26:56 Stone Mining
28:09 Horse Collar
28:29 Bodkin Arrow
31:17 Padded Archer Armor
32:03 Thumb Ring
33:03 Wheelbarrow
34:14 Ballistics
35:08 Heavy Plow
35:44 Husbandry
35:54 Bloodlines
35:46 Town Watch
42:17 Imperial Age
39:22 Pikeman
40:52 Leather Archer Armor
40:47 Forging
41:15 Squires
41:00 Gambesons
41:01 Arson
43:09 Forging
43:00 Bracer
43:39 Parthian Tactics
43:26 Halberdier
44:24 Forging
44:15 Scale Mail Armor
44:58 Hand Cart
45:19 Gold Shaft Mining
46:19 Chemistry
45:55 Conscription
48:35 Heavy Cavalry Archer
50:29 Iron Casting
50:10 Chain Mail Armor
51:38 Elite Samurai
prsdntsdghtr
5:16 Loom
14:37 Feudal Age
19:53 Castle Age
18:10 Double-Bit Axe
19:08 Horse Collar
22:06 Wheelbarrow
20:57 Cavalier
21:45 Husbandry
25:34 Gold Mining
29:38 Heavy Plow
33:10 Gold Shaft Mining
32:53 Hand Cart
33:34 Forging
33:55 Stone Mining
34:12 Pikeman
39:52 Imperial Age
39:42 Stone Shaft Mining
40:25 Halberdier
41:36 Conscription
42:18 Bow Saw
41:55 Town Watch
51:00 Paladin
53:28 Crop Rotation
slapster24
3:39 Loom
14:47 Feudal Age
15:37 Double-Bit Axe
19:23 Castle Age
20:33 Bow Saw
25:41 Fletching
27:19 Padded Archer Armor
28:21 Bodkin Arrow
31:12 Ballistics
31:56 Horse Collar
32:52 Fishing Lines
33:29 Leather Archer Armor
38:42 Imperial Age
36:48 Thumb Ring
37:14 Scale Barding Armor
37:22 Bloodlines
37:24 Kasbah
38:35 Chain Barding Armor
40:26 Chemistry
40:59 Conscription
41:08 Bracer
41:23 Light Cavalry
44:54 Plate Barding Armor
44:20 Elite Camel Archer
45:14 Gold Mining
46:24 Forging
48:56 Iron Casting
48:28 Maghrebi Camels
50:01 Ring Archer Armor
52:15 Gillnets
54:53 Hussar
57:01 Blast Furnace
Red
8:38 Loom
16:10 Feudal Age
18:53 Fletching
19:08 Stone Mining
24:30 Horse Collar
24:41 Double-Bit Axe
26:50 Scale Mail Armor
27:01 Forging
34:57 Wheelbarrow
37:25 Castle Age
35:40 Bloodlines
36:19 Gold Mining
39:53 Hand Cart
40:30 Bow Saw
42:25 Heavy Plow
42:51 Light Cavalry
43:35 Husbandry
43:43 Scale Barding Armor
45:56 Chain Barding Armor
47:15 Iron Casting
52:36 Treadmill Crane
53:36 Stone Shaft Mining
53:40 Iron Casting
56:57 Imperial Age
axjhbl90
3:31 Loom
13:21 Feudal Age
13:55 Double-Bit Axe
16:29 Wheelbarrow
19:15 Bloodlines
29:36 Fletching
29:47 Padded Archer Armor
31:59 Castle Age
32:37 Bodkin Arrow
33:27 Bow Saw
33:18 Gold Mining
33:26 Crossbowman
35:58 Leather Archer Armor
36:07 Ballistics
37:13 Hand Cart
46:30 Imperial Age
45:36 Scale Mail Armor
45:46 Forging
46:14 Pikeman
46:56 Squires
48:14 Two-Man Saw
47:38 Conscription
46:48 Arbalester
47:43 Thumb Ring
48:44 Chemistry
47:46 Bracer
49:05 Scale Mail Armor
49:15 Forging
50:39 Chain Mail Armor
50:30 Halberdier
52:04 Iron Casting
53:32 Plate Mail Armor
Angel of War603
4:55 Loom
13:35 Feudal Age
14:57 Double-Bit Axe
18:57 Castle Age
17:38 Fletching
17:36 Horse Collar
19:52 Wheelbarrow
23:46 Stone Mining
24:08 Town Watch
24:56 Gold Mining
26:17 Hand Cart
27:05 Heavy Plow
27:59 Bodkin Arrow
32:53 Imperial Age
31:07 Stone Shaft Mining
31:08 Bow Saw
31:43 Town Patrol
32:15 Scale Barding Armor
32:53 Husbandry
33:04 Bloodlines
33:35 Chatras
34:08 Chain Barding Armor
35:37 Two-Man Saw
35:42 Crop Rotation
36:05 Elite Battle Elephant
37:46 Paper Money
37:41 Forging
38:31 Ballistics
38:07 Murder Holes
40:06 Chemistry
39:49 Treadmill Crane
40:19 Masonry
41:21 Iron Casting
41:27 Plate Barding Armor
40:57 Bracer
42:34 Hoardings
43:20 Siege Engineers
43:25 Masonry
44:53 Bombard Tower
44:19 Arrowslits
44:24 Guard Tower
48:02 Guard Tower
49:44 Keep
51:28 Padded Archer Armor
50:52 Elite Rattan Archer
54:41 Leather Archer Armor
55:54 Ring Archer Armor
Connection lost

Rejoining the realm…

Still unreachable

The connection could not be restored.

Session expired

The server has moved on; the page needs a fresh start.